 Dungeon Crawl Stone Soup version 0.26-a0-597-gb535b0901c (webtiles) character file.

Game seed: 11504967838022605360

224 HoaS the Shield-Bearer (level 6, -1/47 HPs)
             Began as a Formicid Fighter on Aug 31, 2020.
             Slain by an orc priest
             ... wielding a +0 hand axe
              (5 damage)
             ... on level 3 of the Dungeon.
             The game lasted 00:04:38 (2190 turns).

HoaS the Shield-Bearer (Formicid Fighter)           Turns: 2190, Time: 00:04:39

Health: -1/47      AC:  6    Str: 22    XL:     6   Next: 20%
Magic:  6/6        EV:  8    Int:  8    God:
Gold:   80         SH: 15    Dex: 10    Spells: 5/5 levels left

rFire    . . .     SeeInvis +   a - +0 quarterstaff
rCold    . . .     Faith    .   c - +0 kite shield
rNeg     . . .     Spirit   .   b - +0 scale mail
rPois    .         Reflect  +   (helmet unavailable)
rElec    .         Harm     .   (no cloak)
rCorr    .                      (no gloves)
MR       .....                  (no boots)
Stlth    ..........             f - amulet of reflection
HPRegen  0.15/turn              (no ring)
MPRegen  0.10/turn              (no ring)

@: no status effects
A: permanent stasis, dig shafts and tunnels, four strong arms, antennae 3
a: Dig, Shaft Self


You were on level 3 of the Dungeon.
You visited 1 branch of the dungeon, and saw 3 of its levels.

You collected 80 gold pieces.

Inventory:

Hand Weapons
 a - a +0 quarterstaff (weapon)
Armour
 b - a +0 scale mail (worn)
 c - a +0 kite shield (worn)
Jewellery
 f - an amulet of reflection (around neck)
 k - an uncursed amulet of the acrobat
Scrolls
 e - a scroll of magic mapping
 l - a scroll of identify
Potions
 d - 2 potions of might
 h - a potion of cancellation
 i - a potion of curing {unknown}
 j - a potion of heal wounds {unknown}


   Skills:
 - Level 3.2 Fighting
 * Level 5.0 Staves
 - Level 3.2 Armour
 + Level 5.3 Shields


You had 5 spell levels left.
You didn't know any spells.
Your spell library was empty.

Dungeon Overview and Level Annotations

Branches:
Dungeon (3/15)

Altars:
Cheibriados
Yredelemnul


Innate Abilities, Weirdness & Mutations

You cannot be hasted, slowed, berserked, paralysed or teleported.
You can dig through walls and to a lower floor.
Your four strong arms can wield two-handed weapons with a shield.
You have a pair of large antennae on your head. (SInv)


Message History

The orc priest is heavily wounded.
You hit the orc priest but do no damage.
The orc priest is heavily wounded.
You block the orc priest's attack.
You hit the orc priest but do no damage.
The orc priest is heavily wounded.
The orc priest invokes the aid of Beogh against you.
Beogh smites you!
* * * LOW HITPOINT WARNING * * *
The orc priest looks braver for a moment.
You barely miss the orc priest.
The orc priest is heavily wounded.
You block the orc priest's attack.
You hit the orc priest but do no damage.
The orc priest is heavily wounded.
You block the orc priest's attack.
You hit the orc priest but do no damage.
The orc priest is heavily wounded.
The orc priest hits you with a +0 hand axe.
You die...

....###.....##
.?...#...)...#
.....#.......#
.....#.......#
)...###.....### ...##
##...##.#
#'#######†###.###
..............#o##
........oo.....#@#
.....o........######
#'#######'##...†...#
..†## ##...##.####.#
....###.....### #.#
.....#.......# #.#
.....#.......# #.#
.....#...)...# ###.#
....###.....####.#.#####.


You could see an orc priest.

Vanquished Creatures
  2 orc priests (D:3)
  Robin (D:2)
  5 adders
  A white imp (D:2)
  2 dart slugs
  3 leopard geckos
  4 orcs (D:3)
  A ball python (D:2)
  15 goblins
  9 hobgoblins
  8 jackals
  2 quokkas (D:2)
  11 bats
  5 frilled lizards
  12 kobolds
  A leopard gecko skeleton (D:3)
  9 rats
91 creatures vanquished.

Vanquished Creatures (others)
  18 plants (D:2)
18 creatures vanquished.

Grand Total: 109 creatures vanquished

Notes
Turn   | Place    | Note
-------+----------+-------------------------------------------
     0 | D:1      | HoaS the Formicid Fighter began the quest for the Orb.
     0 | D:1      | Reached XP level 1. HP: 18/18 MP: 1/1
   103 | D:1      | Reached XP level 2. HP: 19/24 MP: 2/2
   314 | D:1      | Reached XP level 3. HP: 24/29 MP: 3/3
   933 | D:2      | Reached XP level 4. HP: 32/35 MP: 4/4
   974 | D:2      | Noticed Robin
  1002 | D:2      | Killed Robin
  1285 | D:2      | Reached XP level 5. HP: 41/41 MP: 5/5
  1409 | D:2      | Found a snail-covered altar of Cheibriados.
  1421 | D:2      | Found a basalt altar of Yredelemnul.
  2010 | D:3      | Reached skill level 5 in Shields
  2174 | D:3      | Reached XP level 6. HP: 23/47 MP: 6/6
  2177 | D:3      | Reached skill level 5 in Staves
  2190 | D:3      | Slain by an orc priest

Illustrated notes

Levels and vault maps discovered:
D:1:      minmay_arrival_loop, layout_basic
D:2:      layout_loops_cross, amethyst_overflow_temple_binary,
          serial_bayou_lake_a, uniq_robin
D:3:      kennysheep_six_static_rooms, layout_loops_ring,
          nicolae_overflow_crystal_walls, uniq_natasha

Skill      XL: |  1  2  3  4  5  6 |
---------------+-------------------+-----
Shields        | 4 5 |  5.3
Staves         | 3 4 5 |  5.0
Fighting       | |  3.2
Armour         | |  3.2

Action                   |  1- 3 |  4- 6 || total
-------------------------+-------+-------++-------
Melee: Quarterstaff      |    94 |   194 ||   288
 Abil: Dig               |       |     5 ||     5
  Use: Scroll            |     3 |     5 ||     8
Armor: Scale mail        |    23 |    56 ||    79
Dodge: Dodged            |    17 |    45 ||    62
Block: Kite shield       |    67 |   148 ||   215
       Reflection        |     2 |     3 ||     5

Table legend: (Time is in decaauts)
 A = Elapsed time spent in this place.
 B = Non-inter-level travel time spent in this place.
 C = Inter-level travel time spent in this place.
 D = Time resting spent in this place.
 E = Time spent auto-exploring this place.
 F = Levels seen in this place.
 G = Mean time per level.
                   A        B        C        D        E       F      G
               +--------+--------+--------+--------+--------+-----+--------+
         Total |   2272 |   2211 |     61 |      0 |   1599 |   3 |  757.3 |
       Dungeon |   2272 |   2211 |     61 |      0 |   1599 |   3 |  757.3 |
               +--------+--------+--------+--------+--------+-----+--------+

Top non-repeatable levels by time:
     D:2: 1126 daAuts
     D:1: 855 daAuts
     D:3: 290 daAuts
